Map: Ulrena

Players

viOLet

  • Race: Zerg Zerg

AcerBly (Bly) - Winner!

  • Race: Zerg Zerg
  • League: Master

Event: DreamHack ZOWIE Open Leipzig

VOD

Have the link to the VOD?

Description

Time

  • Played on: Jan. 23, 2016, 2:50 p.m.
  • Length: 4:07

All games in this series

Show
View Real Time Build Order
Export as new Build Order

viOLet Zerg 

Build Orders: Pool First 

Get SALT Encoding   

  12  0:18  Spawning Pool  
  11  0:22  Drone  
  11  0:26  Drone  
  13  0:30  Drone  
  14  0:41  Overlord  
  14  1:05  Zergling x6  
  17  1:17  Zergling x2  
  18  1:20  Hatchery  
  17  1:27  Zergling x2  
  18  1:34  Queen  
  20  1:46  Drone  
  20  1:55  Drone  
  21  2:04  Spine Crawler  
  21  2:06  Drone  
  21  2:16  Queen  
  21  2:17  Extractor  
  21  2:18  Overlord  
  23  2:32  Queen  
  23  2:36  Spine Crawler  
  24  2:52  Queen  
  24  2:57  Drone x2  
  28  3:07  Drone  
  28  3:08  Queen  
  31  3:18  Zergling x4  
  27  3:22  Zergling x2  
  27  3:23  Zergling x2  
  25  3:31  Zergling x2  
  13  3:45  Drone  
  12  3:53  Drone  
Show
View Real Time Build Order
Export as new Build Order

AcerBly Zerg - Winner!

Build Orders: Pool Only, Zergling Baneling 

Get SALT Encoding   

  12  0:01  Drone  
  13  0:10  Drone  
  14  0:14  Extractor  
  13  0:28  Spawning Pool  
  13  0:33  Drone  
  13  0:37  Drone  
  14  0:45  Drone, Extractor  
  15  0:53  Overlord  
  15  1:15  Queen  
  15  1:16  Zergling x4  
  19  1:21  Zergling x2  
  20  1:29  Metabolic Boost  
  20  1:35  Zergling x2  
  21  1:44  Baneling Nest  
  21  1:46  Zergling x2  
  20  1:58  Zergling x2  
  21  2:05  Overlord  
  21  2:27  Zergling x4  
  21  2:28  Baneling  
  23  2:30  Zergling x6  
  26  2:37  Zergling x2  
  27  2:45  Baneling  
  27  2:46  Baneling x4  
  27  2:50  Zergling x2  
  28  2:56  Zergling x2  
  29  3:04  Baneling  
  25  3:23  Zergling x2  
  25  3:24  Zergling x4  
  25  3:26  Baneling x2  
  23  3:44  Zergling x6  

Tags
 
Add a new tag
Caveats
  • Supply blocks, unpowered buildings, or Contaminate may cause inaccurate times.
  • Supply counts are checked every 10 seconds.